Cogmind - Beta 14 @@@ ROGUE MODE // 2024.08.27 @ 18:27:32 Player: Coronach Result: Self-destructed Performance ------------- Evolutions (4) 2000 Regions Visited (7) 1400 Robots Destroyed (118) 590 Value Destroyed (3380) 3380 Prototype IDs (4) 80 Alien Tech Used (0) 0 Bonus (873) 873 TOTAL SCORE: 8323 Bonus ------- High Alert Combat Kills 254 Follower Combat Kills 211 Entered DSFs 500 Friendly Fire -92 Cogmind --------- Core Integrity 490/850 Matter 300/300 Energy 100/100 System Corruption 1% Temperature Cool (0) Movement Core (750) Ox14 Location -6/Extension Parts ------- > --- POWER (2) -------- (None) > --- PROPULSION (4) --- (None) > --- UTILITY (5) ------ High-capacity Storage Unit Core Analyzer Hacking Suite System Shield High-powered Tractor Beam > --- WEAPON (4) ------- Gauss Rifle > --- INVENTORY (20) --- Improved Medium Treads Improved Cooling System High-capacity Matter Pod (200) Advanced Sensor Array Active Sensor Suite Improved Target Analyzer Improved Reaction Control System Hardened Heavy Armor Plating Improved Light Armor Plating Greatsword Peak State ------------ > --- POWER ------------ Hybrid Deuterium Engine Light Fission Core > --- PROPULSION ------- Carbon-fiber Leg VSS Leg VSS Leg Flexi-carbon Leg > --- UTILITY ---------- High-capacity Storage Unit Advanced Sensor Array Kinecellerator Hacking Suite System Shield > --- WEAPON ----------- Gauss Rifle Gauss Rifle Gauss Rifle Gauss Rifle > --- INVENTORY -------- Light Fission Core VSS Leg Improved Cooling System High-capacity Matter Pod Active Sensor Suite Improved Target Analyzer Core Analyzer Improved Reaction Control System Hardened Heavy Armor Plating High-powered Tractor Beam Gauss Rifle Hypervelocity Gauss Rifle Hypervelocity Gauss Rifle Greatsword [Rating: 63] Favorites ----------- Power Cooled Ion Engine Engine Cooled Ion Engine Power Core Light Fission Core Propulsion Compact Wheel Treads Light Treads Leg VSS Leg Wheel Compact Wheel Utility Huge Storage Unit Device Seismic Detector Storage Huge Storage Unit Processor Core Analyzer Hackware Hacking Suite Protection Propulsion Shielding Weapon Gauss Rifle Energy Gun Heavy Particle Gun Energy Cannon Beam Cannon Ballistic Gun Gauss Rifle Launcher Grenade Launcher Impact Weapon Heavy Hammer Slashing Weapon Axe Special Melee Weapon Datajack Build | -11 -10 -9 -8 -7 -7 -6 -6 ------- Run | Yrd Mat Mat Mat Fac DSF Fac Ext Slots Evolved 8 | . . 2 2 2 . 2 . Power 1 | . . . . . . 1 . Propulsion 2 | . . . . 2 . . . Utility 3 | . . 2 . . . 1 . Weapon 2 | . . . 2 . . . . Parts Attached 118 | . 8 42 30 8 15 4 11 Power 6 | . . 1 2 . 1 1 1 Engine 4 | . . 1 2 . 1 . . Core 2 | . . . . . . 1 1 Reactor . | . . . . . . . . Propulsion 28 | . 2 11 9 1 3 1 1 Treads 2 | . . 2 . . . . . Leg 7 | . . . 2 . 3 1 1 Wheel 19 | . 2 9 7 1 . . . Hover . | . . . . . . . . Flight . | . . . . . . . . Utility 46 | . 3 17 10 3 6 2 5 Device 15 | . 1 5 3 1 1 . 4 Storage 4 | . 1 . . 1 2 . . Processor 6 | . . 1 2 . 2 . 1 Hackware 2 | . . . . . . 2 . Protection 19 | . 1 11 5 1 1 . . Artifact . | . . . . . . . . Weapon 38 | . 3 13 9 4 5 . 4 Energy Gun 8 | . 2 3 . 3 . . . Energy Cannon 1 | . . 1 . . . . . Ballistic Gun 19 | . . 8 1 1 5 . 4 Ballistic Cannon . | . . . . . . . . Launcher 1 | . 1 . . . . . . Special Weapon . | . . . . . . . . Impact Weapon 2 | . . . 2 . . . . Slashing Weapon 6 | . . . 6 . . . . Piercing Weapon . | . . . . . . . . Special Melee Weapon 1 | . . 1 . . . . . Unidentified Prototypes 2 | . . 2 . . . . . Parts Lost 42 | . . 2 17 . 7 . 16 Power 4 | . . . 1 . . . 3 Propulsion 13 | . . . 6 . 2 . 5 Utility 12 | . . 1 6 . 4 . 1 Weapon 13 | . . 1 4 . 1 . 7 Highest Loss Streak 9 | . . 1 5 . 5 . 9 To Critical Strikes 1 | . . . . . . . 1 Average Slot Usage (%) 98 | . 98 99 95 86 94 99 98 Engine 8 | . 14 11 7 7 7 6 4 Core 1 | . . . . . . 6 5 Leg 10 | . 1 . 3 15 24 26 25 Wheel 12 | . 26 21 12 7 3 . . Device 8 | . 5 12 9 7 1 . 11 Storage 9 | . 14 11 9 7 11 6 6 Processor 3 | . . . 2 . 9 13 1 Hackware 4 | . . . . . . 12 13 Protection 11 | . 6 20 14 15 4 . . Energy Gun 3 | . 24 5 . 19 4 . . Energy Cannon 1 | . . 2 . . . . . Ballistic Gun 14 | . . 12 . 5 24 26 25 Impact Weapon 1 | . . . 9 . . . . Slashing Weapon 5 | . . . 25 . . . . Peak Build Rating 63 | . 10 21 32 32 48 61 63 Average Rating 34 | . 8 18 27 29 40 60 61 On Entrance 25 | 6 6 10 20 25 31 48 61 Naked Turns . | . . . . . . . . Heaviest Build 108 | 10 90 99 105 105 108 70 76 Greatest Support 59 | 20 20 32 32 10 54 59 59 Greatest Overweight (x) 10 | . 4 5 10 10 10 1 2 Average Overweight (x) 2 | . 3 3 4 10 4 1 1 Largest Inventory Capacity 25 | . 25 25 25 25 25 20 20 Average Capacity 23 | . 23 25 25 25 24 20 20 Most Carried 25 | . 18 25 25 24 20 20 20 Average Carried 20 | . 13 22 23 12 12 18 17 Final Capacity 25 | 8 25 25 25 25 20 20 20 Final Carried 25 | 6 17 25 23 8 12 20 14 Class Distribution -------------------- 58% | Mutant 30% | Hacker-Gunner 4% | Gladiator 3% | Scavenger-Gunner Dominant Class ---------------- Mutant | -10/Materials Mutant | -9/Materials Mutant | -8/Materials Mutant | -7/Factory Scavenger-Gunner | -7/DSF Hacker-Gunner | -6/Factory Hacker-Gunner | -6/Extension Resources | -11 -10 -9 -8 -7 -7 -6 -6 ----------- Run | Yrd Mat Mat Mat Fac DSF Fac Ext Matter Collected 3064 | 199 73 1003 300 . 475 169 845 Remotely 666 | . . . . . . . 666 Salvage Created 5359 | . 100 1949 1480 . 542 158 1130 Parts 273 | . 8 126 66 . 24 2 47 Haulers Intercepted 4 | . . 3 . . . . 1 Recyclers Shooed 10 | . 1 3 1 . . 1 4 Parts Field Recycled . | . . . . . . . . Retrieved Matter . | . . . . . . . . Parts Self-Destructed . | . . . . . . . . Prevented . | . . . . . . . . Kills | -11 -10 -9 -8 -7 -7 -6 -6 ------- Run | Yrd Mat Mat Mat Fac DSF Fac Ext Combat Hostiles Destroyed 78 | . 3 36 22 . 9 2 6 Melee 20 | . . . 20 . . . . Guns 49 | . . 32 . . 9 2 6 Cannons 3 | . . 3 . . . . . AOE 3 | . 3 . . . . . . Classes Destroyed 17 | . 3 7 3 . 2 . 2 Worker 9 | . 1 2 5 . . 1 . Builder 3 | . . . . . . . 3 Tunneler 1 | . . 1 . . . . . Hauler 4 | . . 3 . . . . 1 Recycler 14 | . 1 6 2 . . . 5 Mechanic 2 | . . . 2 . . . . Operator 1 | . . . 1 . . . . Watcher 6 | . . 4 1 . . . 1 Swarmer 17 | . 3 12 . . . . 2 Grunt 29 | . . 13 12 . 3 1 . Brawler 1 | . . 1 . . . . . Duelist 4 | . . 1 3 . . . . Sentry 16 | . . 9 5 . . 1 1 Specialist 4 | . . . . . 4 . . Hunter 4 | . . . 2 . 1 . 1 Heavy 1 | . . . . . 1 . . Behemoth 2 | . . . . . . . 2 Best Kill Streak 9 | . 4 7 6 . 7 2 9 Combat Bots Only 7 | . 3 5 4 . 7 1 3 Max Kills in Single Turn 4 | . 4 1 1 . 2 1 2 Gunslinging 1 | . . . . . 1 . 1 Exploded 3 | . 3 . . . . . . Melee 1 | . . . 1 . . . . Uniques/NPCs Destroyed . | . . . . . . . . Combat | -11 -10 -9 -8 -7 -7 -6 -6 -------- Run | Yrd Mat Mat Mat Fac DSF Fac Ext Hostile Shots Fired 518 | . 3 156 147 . 54 34 124 Missed 162 | . 2 56 34 . 17 17 36 Damage Taken 6018 | . 6 1083 1822 . 974 188 1945 Core 1055 | . . 223 363 . 109 25 335 Absorbed by Shields 19 | . . . . . 19 . . Redirected to Shielding 260 | . . 29 54 . 177 . . Core Remaining (%) 72 | 100 100 44 34 . 84 . . Volleys Fired 199 | . 5 120 . . 20 8 46 Largest 4 | . 2 2 . . 4 4 4 Hottest 188 | . 80 116 . . 188 112 122 Shots Fired 517 | . 7 221 . . 80 32 177 Gun 489 | . 6 194 . . 80 32 177 Cannon 27 | . . 27 . . . . . Launcher 1 | . 1 . . . . . . Special . | . . . . . . . . Kinetic 409 | . . 129 . . 71 32 177 Thermal 107 | . 6 92 . . 9 . . Explosive 1 | . 1 . . . . . . Electromagnetic . | . . . . . . . . Robot Hit Streak 18 | . 4 14 . . 10 18 8 Robot Miss Streak 6 | . . 5 . . 3 2 6 Penetration Max 1 | . . . . . 1 1 1 Secondary Targets 11 | . . 5 . . 4 . 2 Max Gunslinging Chain 2 | . . 1 . . 2 . 2 Shots Hit Robots 372 | . 4 128 71 . 46 21 102 Core Hits 177 | . 7 65 32 . 19 9 45 Critical Kills 2 | . . 1 . . . . 1 Critical Parts Destroyed 9 | . . . . . 2 1 6 Critical Strikes 17 | . . 4 3 . 2 1 7 Burn 3 | . . 3 . . . . . Meltdown 1 | . . 1 . . . . . Destroy 10 | . . . . . 2 1 7 Sever 3 | . . . 3 . . . . Melee Attacks 99 | . . . 99 . . . . Impact 7 | . . . 7 . . . . Slashing 92 | . . . 92 . . . . Piercing . | . . . . . . . . Sneak Attacks 12 | . . . 12 . . . . Combat Hostiles . | . . . . . . . . Follow-up Attacks 16 | . . . 16 . . . . Damage Inflicted 9017 | . 201 2158 2837 . 1095 472 2254 Guns 5740 | . 44 1875 . . 1095 472 2254 Cannons 277 | . . 277 . . . . . Explosions 157 | . 157 . . . . . . Melee 2837 | . . . 2837 . . . . Ramming 6 | . . 6 . . . . . Kinetic 4903 | . . 1199 . . 978 472 2254 Thermal 1114 | . 44 953 . . 117 . . Explosive 157 | . 157 . . . . . . Electromagnetic . | . . . . . . . . Impact 198 | . . . 198 . . . . Slashing 2639 | . . . 2639 . . . . Piercing . | . . . . . . . . Highest Corruption 1 | . . . . . . . 1 Average Corruption 1 | . . . . . . . 1 Corruption Purged . | . . . . . . . . Corruption Blocked . | . . . . . . . . Effects 2 | . . . . . . . 2 Matter Fused 1 | . . . . . . . 1 Weapon Failures 1 | . . . . . . . 1 Overload Shots . | . . . . . . . . Overflow Damage 258 | . . . 258 . . . . Projectiles . | . . . . . . . . Explosions . | . . . . . . . . Melee 258 | . . . 258 . . . . Knockbacks 1 | . . 1 . . . . . Impact 1 | . . 1 . . . . . Kinetic . | . . . . . . . . Secondary . | . . . . . . . . Self-Inflicted Damage 3 | . . 3 . . . . . Shots . | . . . . . . . . Rammed 1 | . . 1 . . . . . Targets Rammed 1 | . . 1 . . . . . Kicked . | . . . . . . . . Crushed . | . . . . . . . . Highest Temperature 264 | . 36 210 4 . 236 107 264 Average Temperature 76 | . 19 61 2 . 72 46 101 Received Heat Transfer 1275 | . . 297 765 . 63 36 114 Effects 1 | . . . . . . . 1 Interference 1 | . . . . . . . 1 Siege Activations . | . . . . . . . . Robots Corrupted 2 | . . . 2 . . . . Combat Hostiles 2 | . . . 2 . . . . Parts Fried 3 | . . . 3 . . . . Impact Corruptions 2 | . . . 2 . . . . Robots Melted 1 | . . 1 . . . . . Combat Hostiles 1 | . . 1 . . . . . Parts Melted 12 | . 2 8 . . 2 . . Heat Transferred 2616 | . 100 2294 . . 222 . . Parts Sabotaged . | . . . . . . . . Parts Stolen . | . . . . . . . . Parts Stripped . | . . . . . . . . Power Chain Reactions . | . . . . . . . . Alert | -11 -10 -9 -8 -7 -7 -6 -6 ------- Run | Yrd Mat Mat Mat Fac DSF Fac Ext Peak Influence 684 | . 105 684 564 155 268 143 90 Initial 261 | . . 44 261 155 108 140 16 Average 248 | . 24 352 405 155 192 80 38 Maximum Alert Level 2 | . . 2 2 . 1 . . Low Security (%) 48 | . 100 26 . 100 47 100 100 Level 1 24 | . . 33 42 . 52 . . Level 2 27 | . . 40 57 . . . . Level 3 . | . . . . . . . . Level 4 . | . . . . . . . . Level 5 . | . . . . . . . . High Security . | . . . . . . . . Max Security . | . . . . . . . . Sterilizations 1 | . . . . . 1 . . Squads Dispatched 12 | . 1 3 4 . 2 1 1 Investigation 3 | . . . 2 . . . 1 Extermination 1 | . . . . . . 1 . Reinforcement 8 | . 1 3 2 . 2 . . Assault . | . . . . . . . . Garrison . | . . . . . . . . Intercept . | . . . . . . . . Searches Triggered . | . . . . . . . . Construction Impeded . | . . . . . . . . Haulers Reinforced . | . . . . . . . . Active Scanning Responses . | . . . . . . . . Cargo Convoy Interrupts . | . . . . . . . . Stealth | -11 -10 -9 -8 -7 -7 -6 -6 --------- Run | Yrd Mat Mat Mat Fac DSF Fac Ext Distress Signals 4 | . . 2 . . . 1 1 Communications Jammed . | . . . . . . . . Distress Signals . | . . . . . . . . Times Spotted 116 | . 3 48 29 . 13 5 18 Peak Tracking Total 8 | . 3 5 5 . 4 3 8 Tactical Retreats 5 | . . 3 1 . 1 . . Traps | -11 -10 -9 -8 -7 -7 -6 -6 ------- Run | Yrd Mat Mat Mat Fac DSF Fac Ext Traps Triggered 5 | . . 1 1 . 2 . 1 Indirectly . | . . . . . . . . Trap Hack Attempts . | . . . . . . . . Triggered . | . . . . . . . . Disarmed . | . . . . . . . . Reprogrammed . | . . . . . . . . Reused . | . . . . . . . . Traps Extracted . | . . . . . . . . Installed . | . . . . . . . . Triggered . | . . . . . . . . Machines | -11 -10 -9 -8 -7 -7 -6 -6 ---------- Run | Yrd Mat Mat Mat Fac DSF Fac Ext Machines Disabled 4 | . . 1 1 . . . 2 Max in Single Turn 1 | . . 1 1 . . . 1 Machines Repaired . | . . . . . . . . Machines Dismantled . | . . . . . . . . Machines Sabotaged . | . . . . . . . . Overloaded Fab Kills . | . . . . . . . . Hacking | -11 -10 -9 -8 -7 -7 -6 -6 --------- Run | Yrd Mat Mat Mat Fac DSF Fac Ext Machines Accessed 29 | . 3 11 2 1 . 7 5 Terminals 22 | . 2 9 1 1 . 4 5 Fabricators 2 | . . . . . . 2 . Repair Stations 1 | . 1 . . . . . . Recycling Units . | . . . . . . . . Scanalyzers 3 | . . 2 . . . 1 . Garrison Access 1 | . . . 1 . . . . Total Hacks 74 | . 9 31 4 1 . 17 12 Successful 33 | . 3 19 . 1 . 6 4 Failed 41 | . 6 12 4 . . 11 8 Catastrophic 6 | . . 1 2 . . 2 1 Database Lockouts . | . . . . . . . . Manual 48 | . 9 24 2 . . 10 3 Terminals 54 | . 6 24 2 1 . 9 12 Fabricators 7 | . . . . . . 7 . Repair Stations 3 | . 3 . . . . . . Recycling Units . | . . . . . . . . Scanalyzers 8 | . . 7 . . . 1 . Garrison Access 2 | . . . 2 . . . . Terminal Hacks 10 | . . 1 . 1 . 4 4 Record 1 | . . . . . . . 1 Part Schematic 1 | . . . . . . 1 . Open Door 3 | . . . . . . . 3 Open DSF 2 | . . . . 1 . 1 . Terminal Index 1 | . . 1 . . . . . Alert Level 1 | . . . . . . 1 . Locate Traps 1 | . . . . . . 1 . Fabricator Hacks . | . . . . . . . . Repair Station Hacks . | . . . . . . . . Recycling Unit Hacks . | . . . . . . . . Scanalyzer 7 | . . 7 . . . . . Insert Component 3 | . . 3 . . . . . Analyze 4 | . . 4 . . . . . Garrison Access Hacks . | . . . . . . . . Unauthorized Hacks 16 | . 3 11 . . . 2 . Terminals 13 | . 2 11 . . . . . Botnet 4 | . 1 3 . . . . . Operators 1 | . . 1 . . . . . Skim 8 | . 1 7 . . . . . Fabricators 2 | . . . . . . 2 . Prioritize 1 | . . . . . . 1 . Liberate 1 | . . . . . . 1 . Repair Stations 1 | . 1 . . . . . . Mechanics 1 | . 1 . . . . . . Recycling Units . | . . . . . . . . Scanalyzers . | . . . . . . . . Garrison Access . | . . . . . . . . Data Cores Recovered . | . . . . . . . . Used . | . . . . . . . . Hacking Detections 25 | . 3 11 2 . . 6 3 Full Trace Events 3 | . . 1 1 . . . 1 Feedback Events 1 | . . . . . . . 1 Corruption 1 | . . . . . . . 1 Feedback Blocked . | . . . . . . . . Robot Schematics Acquired . | . . . . . . . . Robots Built . | . . . . . . . . Authchips . | . . . . . . . . Time . | . . . . . . . . Total Robot Build Rating . | . . . . . . . . Part Schematics Acquired 3 | . . 2 . . . 1 . Parts Built . | . . . . . . . . Authchips . | . . . . . . . . Time . | . . . . . . . . Total Part Build Rating . | . . . . . . . . Parts Repaired . | . . . . . . . . Time . | . . . . . . . . Parts Recycled . | . . . . . . . . Recycled Matter . | . . . . . . . . Retrieved Matter . | . . . . . . . . Retrieved Components . | . . . . . . . . Parts Scanalyzed 3 | . . 3 . . . . . Part Schematics Acquired 2 | . . 2 . . . . . Parts Damaged . | . . . . . . . . Bothacking | -11 -10 -9 -8 -7 -7 -6 -6 ------------ Run | Yrd Mat Mat Mat Fac DSF Fac Ext Used RIF Installer . | . . . . . . . . Robots Hacked . | . . . . . . . . Non-combat . | . . . . . . . . Combat . | . . . . . . . . Robot Hacks Applied . | . . . . . . . . Relay Couplers Released . | . . . . . . . . Fabnet Peak Effective % . | . . . . . . . . Robots Rewired . | . . . . . . . . Allies Hacked . | . . . . . . . . Hacks Repelled . | . . . . . . . . Allies | -11 -10 -9 -8 -7 -7 -6 -6 -------- Run | Yrd Mat Mat Mat Fac DSF Fac Ext Total Allies 6 | . . . . . . 2 4 Largest Group 6 | . . . . . . 2 6 Highest-Rated Group 216 | . . . . . . 82 216 Highest-Rated Ally 41 | . . . . . . 41 41 Total Orders . | . . . . . . . . Ally Attacks 89 | . . . . . . 10 79 Total Damage 2255 | . . . . . . 411 1844 Kills 7 | . . . . . . 2 5 Allies Corrupted . | . . . . . . . . Allies Melted . | . . . . . . . . Intel | -11 -10 -9 -8 -7 -7 -6 -6 ------- Run | Yrd Mat Mat Mat Fac DSF Fac Ext Robot Analysis Total . | . . . . . . . . Derelict Logs Recovered . | . . . . . . . . Drone Launches . | . . . . . . . . Drone Recoveries . | . . . . . . . . Exploration | -11 -10 -9 -8 -7 -7 -6 -6 ------------- Run | Yrd Mat Mat Mat Fac DSF Fac Ext Turns Passed 5876 | . 276 2177 1250 36 309 994 834 Spaces Moved 2648 | 1 170 1013 511 9 91 508 345 Core . | . . . . . . . . Treads . | . . . . . . . . Legs 986 | 1 13 . 62 . 57 508 345 Wheels 1662 | . 157 1013 449 9 34 . . Hover . | . . . . . . . . Flight . | . . . . . . . . Fastest Speed 80 | 120 80 130 130 230 185 185 185 Average Speed 165 | 120 136 143 177 230 218 185 185 Slowest Speed 330 | 120 140 175 330 230 330 185 270 Overloaded Moves . | . . . . . . . . Propulsion Burnouts . | . . . . . . . . Robots Hopped . | . . . . . . . . Cave-ins Triggered . | . . . . . . . . Exploration Rate (%) 43 | 2 30 92 41 . 79 14 44 Regions Visited 7 Branch Regions 1 Pre-discovered Areas . | . . . . . . . . Known Exits Taken 2 | . . 1 . 1 . . . Unknown Exits Taken 4 | 1 1 . 1 . . 1 . Scrap Searched . | . . . . . . . . Spaces Dug 1 | . . . 1 . . . . Terrain Destroyed 12 | . 9 . 1 . . . 2 Melee 1 | . . . 1 . . . . Projectile 1 | . . . . . . . 1 AOE 9 | . 9 . . . . . . Terrain Rammed . | . . . . . . . . Walls Destroyed . | . . . . . . . . Machines Disabled . | . . . . . . . . Actions | -11 -10 -9 -8 -7 -7 -6 -6 --------- Run | Yrd Mat Mat Mat Fac DSF Fac Ext Total 3612 | . 209 1526 720 33 152 546 426 Wait 369 | . 2 255 94 . . 3 15 Move 2641 | . 169 1012 510 8 90 507 345 Hop . | . . . . . . . . Pick Up 103 | . 16 48 10 . 11 16 2 Fast Attach 25 | . 2 6 9 . 7 . 1 Attach 45 | . 2 8 14 6 5 2 8 Detach 19 | . 3 4 3 4 3 . 2 Swap 48 | . 4 28 7 2 3 2 2 Drop 82 | . 6 44 3 13 8 8 . Fire 199 | . 5 120 . . 20 8 46 Melee 70 | . . . 70 . . . . Ram 1 | . . 1 . . . . . Kick . | . . . . . . . . Crush . | . . . . . . . . Escape Stasis 10 | . . . . . 5 . 5 Rewire . | . . . . . . . . Trap . | . . . . . . . . Miscellaneous . | . . . . . . . . Route ------- -11/Scrapyard -10/Materials -9/Materials (discovered 4 exits: *Mat x3 / [*Min]) -8/Materials -7/Factory -7/DSF -6/Factory -6/Extension History --------- Turn | Location | Event 1 | -11/Scrapyard | Discovered new exit (range 0) 1 | -11/Scrapyard | Entered Materials 262 | -10/Materials | Discovered new exit (range 9) 277 | -10/Materials | Entered another Materials area 277 | -9/Materials | Evolved 2 slots: Utility x2 315 | -9/Materials | Build established: Mutant 961 | -9/Materials | Discovered new exit (range 16) 1102 | -9/Materials | Discovered new exit (range 6) 1283 | -9/Materials | Discovered new exit (range 10) 1909 | -9/Materials | Discovered new exit (range 16) 1938 | -9/Materials | Core integrity fell below 50% 2151 | -9/Materials | Learned Storage emergency access door positions 2252 | -9/Materials | Learned 4 Recycling zone layouts 2318 | -9/Materials | Learned 2 Storage zone layouts 2345 | -9/Materials | Learned Storage emergency access door positions 2364 | -9/Materials | Learned Storage stockpile data 2430 | -9/Materials | Learned Storage security intel 2452 | -9/Materials | Identified exit to Materials 2454 | -9/Materials | Entered another Materials area 2454 | -8/Materials | Evolved 2 slots: Weapon x2 2606 | -8/Materials | Lost 3 parts (1n2u) 2894 | -8/Materials | Discovered new exit (range 13) 3048 | -8/Materials | Core integrity fell below 50% 3072 | -8/Materials | Lost 3 parts (1n2w) 3263 | -8/Materials | Lost 5 parts (1n3u1w) 3704 | -8/Materials | Entered Factory 3704 | -7/Factory | Evolved 2 slots: Propulsion x2 3740 | -7/Factory | Identified exit to DSF 3740 | -7/Factory | Entered DSF 3805 | -7/DSF | Additional patrols routed to DSF 3921 | -7/DSF | Destroyed 7 combat bots 3923 | -7/DSF | Lost 5 parts (2n2u1w) 3930 | -7/DSF | Sterilization system engaged 3949 | -7/DSF | Found Prototype Device 3950 | -7/DSF | Ambient heat levels rising (+10) 3965 | -7/DSF | Ambient heat levels rising (+10) 3980 | -7/DSF | Ambient heat levels rising (+10) 3995 | -7/DSF | Ambient heat levels rising (+10) 4006 | -7/DSF | Discovered new exit (range 13) 4010 | -7/DSF | Ambient heat levels rising (+10) 4025 | -7/DSF | Ambient heat levels rising (+10) 4040 | -7/DSF | Ambient heat levels rising (+10) 4049 | -7/DSF | Entered Factory 4049 | -6/Factory | Evolved 2 slots: Power x1, Utility x1 4349 | -6/Factory | Build established: Hacker-Gunner 4963 | -6/Factory | Discovered new exit (range 15) 5043 | -6/Factory | Entered Extension 5043 | -6/Extension | Accompanied by 2 allies 5121 | -6/Extension | Rescued a captive Derelict 5130 | -6/Extension | Rescued a captive Derelict 5534 | -6/Extension | Rescued a captive Derelict 5552 | -6/Extension | Rescued a captive Derelict 5658 | -6/Extension | Spotted B-75 Beast 5680 | -6/Extension | Lost 3 allies 5686 | -6/Extension | Destroyed B-75 Beast 5699 | -6/Extension | Spotted B-75 Beast 5738 | -6/Extension | Destroyed B-75 Beast 5766 | -6/Extension | Lost 6 parts (2p1n1u2w) 5768 | -6/Extension | Disrupted transfer network 5877 | -6/Extension | Self-destructed Last Messages --------------- 05867_ Critical hit (Destroy). 05867_ Hyp. Gauss Rifle destroyed. 05869_ Slug penetrates S-27 Virus. 05869_ S-27 Virus destroyed. 05869_ Switching to secondary target: H-66 Slayer. 05869_ HV Slug penetrates H-66 Slayer. 05869_ H-66 Slayer suffers critical hit (Destroy). 05869_ H-66 Slayer destroyed. 05869_ Switching to secondary target: H-66 Slayer. 05869_ Slug penetrates H-66 Slayer. 05870_ Acquired 13 matter. 05870_ Slug penetrates Wall. 05872_ Gauss Rifle destroyed. 05872_ Slug penetrates Wall. 05872_ HV Slug penetrates S-27 Virus. 05873_ Acquired 9 matter. 05873_ Hyp. Gauss Rifle destroyed. 05873_ Penetrated by Slug. 05874_ VSS Leg destroyed. 05877_ Slug penetrates S-27 Virus. Map ----- +----------------------------------------------------+ | #????# #????#T #???## #??????????????????????????? | | #????# #????## ##??#T #??????????????????????????? | | ######/#????# ##### ##?????????????????????????? | | # #????# #?????????????????????????? | | # #????# ######!#?????????????????????????? | | # #????## ##????#!#?????????????????????????? | | # ####### #?????#%#?????????????????????????? | | # + #?????#=#?????????????????????????? | | # # #?????#!#?????????????????????????? | | ######## #?????# #?????????????????????????? | | ! #?????# #?????????????????????????? | | ################?????# #?????????????????????????? | | ?????????????????????# #?????????????????????????? | | ?????????????????????# #?????????????????????????? | | ?????????????????????# #?????????????????????????? | | ???????????????????### #?????????????????????????? | | ???????????????????#T# #?????????????????????????? | | ???????????????????"! #?????????????????????????? | | ???????????????????###%#?????????????????????????? | | ?????????????????????# #?????????????????????????? | | ?????????????????????# #?????????????????????????? | | ?????????????????????# #?????????????????????????? | | ?????????????????????# #??##?##???#??????????????? | | ???????????????????### ### ##[### ##?????????????? | | ???????????????????# !=R [%=]"" ""#????????????? | | ??????????????????## ! @=[!=%***" #????????????? | | ?????????????????# ; *!=[%s!h==%! #????????????? | | ???????????????### # =s!*!=== #????????????? | | ################";;; [%!!s * #????????????? | | ! =% =% = ????????? | | = =[%% ????????? | | % !% !! =*% ????????? | | % ]!* ! ! ! % % % ?????????? | | t !*kt%|%|%=k % ?????????? | | ###########"######## = =* % ;##??????????? | | ??????????##???????# % ##???????????? | | ???????????????????# % ;#???????????? | | ???????????????????# ##???????????? | | ???????????????????# #????????????? | | ???????????????????######T#"""#######????????????? | | ?????????????????????????##??????????????????????? | | ?????????????????????????????????????????????????? | | | | | | | | | | | | | | | | | +----------------------------------------------------+ Best States ------------- Heat Dissipation 64 Energy Generation 23 Energy Capacity 860 Matter Stores 500 Matter Capacity 500 Sight Range 16 Robot Scan Range 16 Terrain Scan Range 16 Terrain Scan Density 10 Armor Coverage 150 Propulsion Shielding 33 Weapon Shielding 66 Evasion (%) 55 Targeting Accuracy 6 Melee Accuracy 5 Core Analysis 6 Kinecelleration 30 Offensive Hacking 10 Defensive Hacking 10 Item Schematics ----------------- Hvy. Particle Gun | -9/Materials | Scanalyzed Datajack | -9/Materials | Scanalyzed Hyp. Gauss Cannon | -6/Factory | Hacked Robot Schematics ------------------ None Fabricated ------------ Nothing Alien Tech Used ----------------- None Achievements -------------- None Challenges ------------ None Game ------ Seed ThermoelectricBombDetonator Manual? 0 Play Time 02:09:50 Cumulative 214.2 hours Start 2024.08.26 @ 19:10:46 End 2024.08.27 @ 18:27:32 Sessions 3 Manual Loads 0 Difficulty Rogue Special Mode None Game No. 83 Rogue 80 Adventurer 0 Explorer 3 Win Type - Total 3 Types 2/0/0/1/0/0/0/0/0 Lore% 27 Gallery% 61 Achievement% 50 Wizard Run 0 Options --------- Layout 2 ASCII 0 Keyboard 1 Movement Numpad Keybinds 0 Fullscreen 2 Font 24/Terminus Map View 76x44 Zoom Use 0% Tactical HUD 1 Map Filters NONE Filters NONE Steam 1 RUN: 3e14e378-38ee-4e6e-921c-dca0e305f410